 Dungeon Crawl Stone Soup version 0.28-a0-779-g3d1f99b579 (webtiles) character file.

Game seed: 542626770781902027

48 AttackTheMoon the Cudgeller (level 3, 0/30 HPs)
             Began as a Vine Stalker Berserker on Nov 3, 2021.
             Was a Follower of Trog.
             Slain by a gnoll (8 damage)
             ... on level 2 of the Dungeon.
             The game lasted 00:00:49 (1297 turns).

AttackTheMoon the Cudgeller (VSBe)                  Turns: 1297, Time: 00:00:49

Health: 0/30       AC:  2    Str: 20    XL:     3   Next: 72%
Magic:  0/4        EV: 12    Int:  7    God:    Trog [*.....]
Gold:   33         SH:  0    Dex: 13    Spells: 2/2 levels left

rFire   . . .      SeeInvis .   c - +0 whip (drain)
rCold   . . .      Faith    .   (no shield)
rNeg    . . .      Spirit   +   b - +0 animal skin
rPois   .          Reflect  .   (no helmet)
rElec   .          Harm     .   (no cloak)
rCorr   .          Rampage  .   (no gloves)
Will    .....                   (no boots)
Stlth   ..........              (no amulet)
HPRegen 0.10/turn               (no ring)
MPRegen 0.09/turn               (no ring)

@: berserking (expiring), very quick
A: fangs 2, magic shield, antimagic bite, no potion heal 2
a: Renounce Religion, Berserk


You were on level 2 of the Dungeon.
You worshipped Trog.
Trog was aware of your devotion.
You visited 1 branch of the dungeon, and saw 2 of its levels.

You collected 33 gold pieces.

Inventory:

Hand Weapons
 a - a +0 mace
 c - a +0 whip of draining (weapon)
Armour
 b - a +0 animal skin (worn)
Potions
 e - a potion of mutation {unknown}
 f - a potion of heal wounds {unknown}


   Skills:
 + Level 3.1 Fighting
 + Level 3.1 Maces & Flails
 + Level 2.1 Armour
 + Level 2.1 Dodging


You had 2 spell levels left.
You didn't know any spells.
Your spell library was empty.

Dungeon Overview and Level Annotations

Branches:
Dungeon (2/15)

Altars:


Innate Abilities, Weirdness & Mutations

You have extremely sharp teeth.
When hurt, damage is shared between your health and your magic reserves.
Your bite disrupts and absorbs the magic of your enemies.
Potions cannot restore your health.


Message History

You kill the kobold!
Trog accepts your kill.
The gnoll shouts!
The adder closely misses you.
You hit the adder.
The adder is moderately wounded.
The adder closely misses you. The adder completely misses you.
You barely miss the adder. Your bite misses the adder.
The adder is moderately wounded.
The adder bites you but does no damage.
You hit the adder but do no damage. You drain the adder.
You bite the adder, but do no damage.
The adder is heavily wounded.
The gnoll hits you with a +0 flail! The adder bites you. The gnoll misses you.
You hit the adder. You bite the adder.
You kill the adder!
Trog accepts your kill. The gnoll hits you with a +0 flail.
Your Armour skill increases to level 2!
You are too injured to fight recklessly!
There are monsters nearby!
Things that are here:
a +0 short sword; a kobold corpse The gnoll barely misses you.
The gnoll hits you with a +0 flail.
* * * LOW HITPOINT WARNING * * *
A red film seems to cover your vision as you go berserk!
You feel yourself moving faster!
You feel mighty!
You feel a strong urge to attack something.
You feel your anger nearly subside.
You hit the gnoll. You drain the gnoll. Your bite misses the gnoll.
The gnoll is almost dead.
You closely miss the gnoll. You bite the gnoll.
You kill the gnoll!
Trog accepts your kill.
You closely miss the gnoll. You bite the gnoll! You drain its power.
You feel invigorated.
The gnoll is severely wounded.
The gnoll hits you with a +0 flail!
You die...

### #.# #.# #.# ##### #.#
#...####.# ##
######.#.@g.g.####... ..
#....#.######.......#####.
#.##.#.# #.####........
#.#..#.# #g.......##.#.
#.#.##.# #..........bg.
#.#....# #.†......# #g
#.###### #........# #.
#.†....# #......... #.
######.# #......#.. ...


You could see 2 gnolls.

Vanquished Creatures
  2 adders (D:2)
  A gnoll (D:2)
  A bat (D:1)
  2 endoplasms (D:1)
  2 giant cockroaches
  2 hobgoblins (D:1)
  7 kobolds
  2 frilled lizards
  A rat (D:1)
20 creatures vanquished.

Vanquished Creatures (others)
  A fungus (D:1)
  A plant (D:1)
2 creatures vanquished.

Grand Total: 22 creatures vanquished

Notes
Turn   | Place    | Note
-------+----------+-------------------------------------------
     0 | D:1      | AttackTheMoon the Vine Stalker Berserker began the quest
                  | for the Orb.
     0 | D:1      | Reached XP level 1. HP: 11/11 MP: 2/2
   328 | D:1      | Reached XP level 2. HP: 16/16 MP: 3/3
  1003 | D:1      | Found a faded altar of an unknown god.
  1146 | D:2      | Reached XP level 3. HP: 13/20 MP: 2/4
  1297 | D:2      | Slain by a gnoll

Illustrated notes

Levels and vault maps discovered:
D:1:      lightli_arrival_maybe_door_vault, layout_basic,
          shapermc_ecumenical_altar_mp_urbaneastern
D:2:      layout_basic, basic_altar, patterned_corridor

Skill      XL: |  1  2  3 |
---------------+----------+-----
Fighting       | 3 |  3.1
Maces & Flails | 3 |  3.1
Dodging        | 2 |  2.1
Armour         | 2 |  2.1

Action                   || total
-------------------------++-------
Melee: Whip              ||    54
       Mace              ||     2
       Bite              ||    12
Invok: Berserk           ||     1
  Use: Scroll            ||     2
 Stab: Sleeping          ||     1
Armor: Animal skin       ||     9
Dodge: Dodged            ||    30

Table legend: (Time is in decaauts)
 A = Elapsed time spent in this place.
 B = Non-inter-level travel time spent in this place.
 C = Inter-level travel time spent in this place.
 D = Time resting spent in this place.
 E = Time spent auto-exploring this place.
 F = Levels seen in this place.
 G = Mean time per level.
                   A        B        C        D        E       F      G
               +--------+--------+--------+--------+--------+-----+--------+
         Total |   1294 |   1222 |     72 |      0 |   1075 |   2 |  647.0 |
       Dungeon |   1294 |   1222 |     72 |      0 |   1075 |   2 |  647.0 |
               +--------+--------+--------+--------+--------+-----+--------+

Top non-repeatable levels by time:
     D:1: 1083 daAuts
     D:2: 211 daAuts
